 Dungeon Crawl Stone Soup version 0.29-a0-653-gd47aff6735 (webtiles) character file.

Game seed: 4387197113150139747

228 HoaS the Shooter (level 6, -3/35 HPs)
             Began as a Tengu Hunter on June 21, 2022.
             Slain by Crazy Yiuf
             ... wielding a +3 quarterstaff of chaos
              (4 damage)
             ... on level 2 of the Dungeon.
             The game lasted 00:07:21 (3943 turns).

HoaS the Shooter (Tengu Hunter)                     Turns: 3943, Time: 00:07:21

Health: -3/35      AC:  3    Str: 12    XL:     6   Next: 2%
Magic:  2/7        EV: 14    Int:  9    God:
Gold:   171        SH:  0    Dex: 19    Spells: 5/5 levels left

rFire   . . .      SeeInvis .   a - +1 shortbow
rCold   . . .      Faith    .   (shield currently unavailable)
rNeg    . . .      Spirit   .   b - +0 leather armour
rPois   .          Reflect  .   (helmet restricted)
rElec   .          Harm     .   (no cloak)
rCorr   .          Rampage  .   (no gloves)
Will    .....                   (boots unavailable)
Stlth   ++........              (no amulet)
HPRegen 0.11/turn               (no ring)
MPRegen 0.10/turn               (no ring)

@: flying quickly and evasively, quick
A: beak, talons 3, nimble flight
a: no special abilities


You were on level 2 of the Dungeon.
You visited 1 branch of the dungeon, and saw 3 of its levels.

You collected 171 gold pieces.

Inventory:

Hand Weapons
 a - a +1 shortbow (weapon)
Armour
 b - a +0 leather armour (worn)
Wands
 g - a wand of flame (14)
 p - a wand of charming (12)
Scrolls
 c - 2 scrolls of immolation
 d - 3 scrolls of fog
 k - 2 scrolls of magic mapping
 l - a scroll of enchant armour {unknown}
Potions
 e - a potion of mutation
 f - a potion of curing {unknown}
 h - a potion of attraction {unknown}
 i - a potion of resistance {unknown}
 j - a potion of might {unknown}
 m - a potion of lignification {unknown}
 n - a potion of berserk rage {unknown}
 o - 2 potions of haste {unknown}


   Skills:
 - Level 2.0 Fighting
 + Level 7.7 Bows
 - Level 2.1 Dodging
 - Level 1.0 Stealth


You had 5 spell levels left.
You didn't know any spells.
Your spell library contained the following spells:

 Spells                   Type           Power      Damage    Failure   Level
 Sting                    Tmut/Pois      0%         1d3       45%         1
 Poisonous Vapours        Pois/Air       0%         N/A       61%         2
 Olgreb's Toxic Radiance  Pois           0%         N/A       99%         4


Dungeon Overview and Level Annotations

Branches:
Dungeon (3/15)

Altars:
Ashenzari
Ru
The Shining One

Shops:
D:2 *

Annotations:
D:2 Crazy Yiuf
D:3 1 runed translucent door, initializr's ghost, amateur DECj


Innate Abilities, Weirdness & Mutations

You have a beak for a mouth.
You have claws for feet.
Your magical nature lets you fly swiftly and evasively.


Message History

You fly upwards.
Level annotation: 1 runed translucent door, Crazy Yiuf
There is a stone staircase leading down here.
There is an open door here.
You see here a +0 spear.
There is an open door here.
Crazy Yiuf shouts!
You reach down and open the door.
You shoot an arrow. The arrow closely misses Crazy Yiuf.
Crazy Yiuf whimpers, "East ladder rumpyflump!"
Crazy Yiuf barely misses you.
You shoot an arrow. The arrow hits Crazy Yiuf.
Crazy Yiuf is moderately wounded.
Crazy Yiuf closely misses you. Crazy Yiuf misses you.
You shoot an arrow. The arrow hits Crazy Yiuf.
Crazy Yiuf is heavily wounded.
Crazy Yiuf hits you with a +3 quarterstaff of chaos.
You shoot an arrow. The arrow hits Crazy Yiuf.
Crazy Yiuf is heavily wounded.
Crazy Yiuf hits you with a +3 quarterstaff of chaos!
You feel your power leaking away.
You shoot an arrow. The arrow barely misses Crazy Yiuf.
Crazy Yiuf screams, "Gum!"
Crazy Yiuf closely misses you.
You shoot an arrow. The arrow hits Crazy Yiuf.
Crazy Yiuf is severely wounded.
Crazy Yiuf hits you with a +3 quarterstaff of chaos!
You are too injured to fight recklessly!
You are too injured to fight recklessly!
You are too injured to fight recklessly!
Shoot: a) +1 shortbow
Press: ? - help, Q - select action, (/) - cycle Shift-Dir - straight line, f/p - Crazy Yiuf
Aim: Crazy Yiuf, wielding a +3 quarterstaff of chaos and wearing a +0 cloak (severely wounded, 69% to hit)
You shoot an arrow.
The arrow hits Crazy Yiuf but does no damage.
Crazy Yiuf is severely wounded.
Crazy Yiuf hits you with a +3 quarterstaff of chaos!
* * * LOW HITPOINT WARNING * * *
Crazy Yiuf freezes you.
You die...

##.........####...#.#
###.......## #######
# ##.....## # ##...##
##### ######'#####
#..)# ...........#
#...# #######.####
... # #.# #g# #
#.#### ♣♣@♣ # #.[..#
♣.♣♣ # #.##.# ♣♣.♣ #
#.#### ♣.♣♣
#######..>.# ♣♣.♣♣
........#### ♣...♣♣
######.## ♣....♣ #.#
#....# #.# #....#


You could see Crazy Yiuf.

Vanquished Creatures
  Robin (D:1)
  3 gnolls
  12 adders
  A dart slug (D:1)
  5 orcs (D:3)
  9 ball pythons
  4 endoplasms
  15 goblins
  6 hobgoblins
  5 jackals (D:2)
  6 bats
  3 frilled lizards
  4 kobolds
  6 rats
80 creatures vanquished.

Vanquished Creatures (others)
  7 toadstools (D:1)
7 creatures vanquished.

Grand Total: 87 creatures vanquished

Notes
Turn   | Place    | Note
-------+----------+-------------------------------------------
     0 | D:1      | HoaS the Tengu Hunter began the quest for the Orb.
     0 | D:1      | Reached XP level 1. HP: 12/12 MP: 2/2
   212 | D:1      | Reached XP level 2. HP: 17/17 MP: 3/3
   229 | D:1      | Reached skill level 5 in Bows
   335 | D:1      | Found a faded altar of an unknown god.
   558 | D:2      | Found a runed translucent door.
   559 | D:2      | Noticed Crazy Yiuf
   608 | D:2      | Reached XP level 3. HP: 21/21 MP: 4/4
   757 | D:1      | HP: 1/21 [gnoll/+0 whip (4)]
  1095 | D:2      | Found Garphaeps's Assorted Antiques.
  1117 | D:2      | Reached skill level 6 in Bows
  1122 | D:2      | Reached XP level 4. HP: 24/26 MP: 5/5
  1129 | D:2      | Noticed Robin
  1145 | D:1      | Killed Robin
  1515 | D:2      | Gained mutation: Your magical nature lets you fly swiftly
                  | and evasively. [Tengu growth]
  1515 | D:2      | Reached XP level 5. HP: 30/30 MP: 6/6
  2336 | D:3      | Found a broken altar of Ashenzari.
  2336 | D:3      | Found a glowing golden altar of the Shining One.
  2445 | D:3      | Reached skill level 7 in Bows
  2974 | D:3      | Found a sacrificial altar of Ru.
  2995 | D:3      | Found a runed translucent door.
  2996 | D:3      | Noticed initializr's ghost (amateur DECj)
  3547 | D:3      | Reached XP level 6. HP: 16/35 MP: 7/7
  3943 | D:2      | HP: 1/35 [Crazy Yiuf/+3 quarterstaff of chaos (10)]
  3943 | D:2      | Slain by Crazy Yiuf

Illustrated notes

Levels and vault maps discovered:
D:1:      nagdon_arrival_zigzag_paths, layout_basic,
          shapermc_ecumenical_altar_starsandcircs
D:2:      layout_loops_corners, serial_shops, shop, minmay_increasing_density,
          uniq_robin, uniq_crazy_yiuf_cottage
D:3:      layout_loops_ring, nicolae_ru_awakened_eye,
          amethyst_overflow_temple_binary, hellmonk_ghost_happy_afterlife,
          minmay_snake_closets

Skill      XL: |  1  2  3  4  5 |
---------------+----------------+-----
Bows           | 5 6 7 |  7.7
Fighting       | |  2.0
Dodging        | |  2.1
Stealth        | |  1.0

Action                   |  1- 3 |  4- 6 || total
-------------------------+-------+-------++-------
 Fire: Shortbow          |    58 |   134 ||   192
  Use: Scroll            |     3 |     3 ||     6
Armor: Leather armour    |     4 |    19 ||    23
Dodge: Dodged            |     9 |    65 ||    74

Table legend: (Time is in decaauts)
 A = Elapsed time spent in this place.
 B = Non-inter-level travel time spent in this place.
 C = Inter-level travel time spent in this place.
 D = Time resting spent in this place.
 E = Time spent auto-exploring this place.
 F = Levels seen in this place.
 G = Mean time per level.
                   A        B        C        D        E       F      G
               +--------+--------+--------+--------+--------+-----+--------+
         Total |   3855 |   3755 |    100 |   1388 |   1862 |   3 | 1285.0 |
       Dungeon |   3855 |   3755 |    100 |   1388 |   1862 |   3 | 1285.0 |
               +--------+--------+--------+--------+--------+-----+--------+

Top non-repeatable levels by time:
     D:3: 1610 daAuts
     D:2: 1313 daAuts
     D:1: 931 daAuts
